 Dungeon Crawl Stone Soup version 0.30.1-11-g7821555f0a (webtiles) character file.

Game seed: 7240376329287936451

1509 ruby the Conjurer (level 8, -5/67 HPs)
             Began as a Red Draconian Conjurer on Nov 1, 2023.
             Slain by an ogre
             ... wielding a +0 giant club
              (16 damage)
             ... on level 5 of the Dungeon.
             The game lasted 00:16:28 (4361 turns).

ruby the Conjurer (Red Draconian Conjurer)          Turns: 4361, Time: 00:16:29

Health: -5/67      AC:  6    Str: 10    XL:     8   Next: 53%
Magic:  7/14       EV: 12    Int: 20    God:
Gold:   192        SH:  0    Dex: 10    Spells: 5/15 levels left

rFire   + . .        r - +0 long sword (venom)
rCold   . . .        (no shield)
rNeg    . . .        (body armour unavailable)
rPois   .            (helmet restricted)
rElec   .            (no cloak)
rCorr   .            (no gloves)
SInv    .            (no boots)
Will    .....        u - amulet of regeneration
Stlth   ++           (no ring)
HPRegen 1.11/turn    (no ring)
MPRegen 0.14/turn

%: no passive effects
@: no status effects
A: breathe fire, AC +6, unfitting armour, fire resistance 1, cold-blooded
a: Breathe Fire


You were on level 5 of the Dungeon.
You visited 1 branch of the dungeon, and saw 5 of its levels.
You also visited: Sewer.

You collected 192 gold pieces.

Inventory:

Hand Weapons
 e - a +0 dagger of flaming
 k - a +0 dagger of venom
 r - a +0 long sword of venom (weapon)
Missiles
 j - 12 poisoned darts
Jewellery
 u - an amulet of regeneration (around neck)
Wands
 d - a wand of paralysis (8)
 o - a wand of flame (4)
 q - a wand of roots (6)
Scrolls
 a - 2 scrolls of enchant armour
 c - 5 scrolls of teleportation
 h - 2 scrolls of enchant weapon {unknown}
 s - a scroll of identify
 t - a scroll of fog {unknown}
Potions
 b - 2 potions of attraction
 f - a potion of heal wounds
 g - 2 potions of flight
 i - 2 potions of curing
 l - 2 potions of berserk rage {unknown}
 m - 3 potions of degeneration {unknown}
 n - a potion of mutation {unknown}
 p - 2 potions of brilliance {unknown}


   Skills:
 + Level 4.5 Fighting
 - Level 3.0 Long Blades
 - Level 4.0 Dodging
 - Level 1.7 Stealth
 - Level 4.0 Spellcasting
 + Level 7.2 Conjurations
 + Level 3.4 Hexes


You had 5 spell levels left.
You knew the following spells:

 Your Spells              Type           Power      Damage    Failure   Level
a - Magic Dart            Conj           100%       1d8       1%          1
b - Searing Ray           Conj           66%        2d6       1%          2
c - Dazzling Flash        Conj/Hex       50%        N/A       4%          3
d - Fulminant Prism       Conj/Hex       12%        3d9       14%         4

Your spell library contained the following spells:

 Spells                   Type           Power      Damage    Failure   Level
 Slow                     Hex            68%        N/A       3%          1
 Stone Arrow              Conj/Erth      36%        3d9       9%          3
 Confusing Touch          Hex            17%        N/A       10%         3
 Sandblast                Erth           8%         2d5       13%         1
 Passwall                 Tmut/Erth      3%         N/A       19%         2
 Iskenderun's Mystic Bla  Conj/Tloc      18%        2d6       28%         4
 Vampiric Draining        Necr           4%         2d6       36%         3


Dungeon Overview and Level Annotations

Branches:
Dungeon (5/15)              Sewer (visited)
 Temple: D:4-7

Altars:

Annotations:
D:2 1 runed translucent door, Crazy Yiuf


Innate Abilities, Weirdness & Mutations

You can breathe blasts of fire.
Your fiery red scales are hard. (AC +6)
You cannot fit into any form of body armour.
Your flesh is heat resistant. (rF+)
You are cold-blooded and may be slowed by cold attacks.


Message History

You finish putting on your amulet of regeneration.
The amulet throbs as it attunes itself to your uninjured body.
u - an amulet of regeneration (around neck) Search for what [? for help]? armor
Found a leather armour.
An ogre comes into view. It is wielding a +0 giant club.
The ogre shouts!
Search for what [Enter for "armor", or ? for help]? cloak Can't find anything matching that.
Casting: Fulminant Prism (dangerous; 14% risk of failure)
Confirm with . or Enter, or press ? or * to list all spells.
Aiming: Searing Ray (safe; 1% risk of failure)
Press: ? - help, Shift-Dir - straight line, f - ogre
Aim: an ogre, wielding a +0 giant club (91% to hit)
The searing ray hits the ogre.
The ogre is lightly wounded. (Press . to maintain the ray.)
The searing ray hits the ogre!
The ogre is heavily wounded.
The ogre hits you with a +0 giant club!
The searing ray hits the ogre.
The ogre is severely wounded.
The searing ray hits the ogre.
The ogre is almost dead.
You finish channelling your searing ray.
The ogre hits you with a +0 giant club!!
You closely miss the ogre.
The ogre is severely wounded.
The ogre hits you with a +0 giant club!!
* * * LOW HITPOINT WARNING * * *
Casting: Searing Ray (safe; 1% risk of failure)
Confirm with . or Enter, or press ? or * to list all spells.
Aiming: Searing Ray (safe; 1% risk of failure)
Press: ? - help, Shift-Dir - straight line, f/p - ogre
Aim: an ogre, wielding a +0 giant club (severely wounded, 91% to hit)
The searing ray hits the ogre.
The ogre is almost dead. (Press . to maintain the ray.)
The ogre hits you with a +0 giant club!
You die...

#.# #.# #.#
##############
#.#.##.†..........
###.#. #.###########
.... #.# #...# #
#O####.###.#.#####
###@................
#..............#######
##########.##### #
#.###########
#....[.......
#############


You could see an ogre.

Vanquished Creatures
  Grinder (D:4)
  Sigmund (D:3)
  Edmund (D:4)
  A water moccasin (Sewer)
  An ogre (D:5)
  A phantom (D:5)
  A bullfrog (D:4)
  2 scorpions (D:5)
  4 orc priests
  Ijyb (D:4)
  3 iguanas
  2 orc wizards
  Terence (D:3)
  Robin (D:2)
  7 gnolls
  3 adders
  2 river rats (D:4)
  3 white imps (D:5)
  6 worms
  3 dart slugs
  13 orcs
  9 ball pythons
  6 bats
  6 endoplasms
  4 giant cockroaches
  21 goblins
  10 hobgoblins
  6 jackals
  6 kobolds
  A quokka (D:1)
  2 frilled lizards
  12 rats
141 creatures vanquished.

Vanquished Creatures (others)
  3 fulminant prisms (D:5)
3 creatures vanquished.

Grand Total: 144 creatures vanquished

Notes
Turn   | Place    | Note
-------+----------+-------------------------------------------
     0 | D:1      | ruby the Draconian Conjurer began the quest for the Orb.
     0 | D:1      | Reached XP level 1. HP: 14/14 MP: 3/3
   241 | D:1      | Reached XP level 2. HP: 21/22 MP: 5/5
   256 | D:1      | Reached skill level 1 in Fighting
   511 | D:1      | Learned a level 2 spell: Searing Ray
   605 | D:1      | Reached XP level 3. HP: 28/28 MP: 6/6
   955 | D:2      | You fall into a shaft and drop 1 floor!
   960 | D:3      | Noticed Sigmund
   984 | D:3      | Reached XP level 4. HP: 28/36 MP: 0/8
  1022 | D:3      | Noticed Terence
  1044 | D:3      | Killed Terence
  1045 | D:3      | Reached XP level 5. HP: 10/41 MP: 3/9
  1636 | D:3      | Learned a level 3 spell: Dazzling Flash
  1645 | D:3      | Killed Sigmund
  1646 | D:3      | Reached skill level 5 in Conjurations
  1646 | D:3      | Reached XP level 6. HP: 42/48 MP: 2/10
  2365 | D:2      | Noticed Robin
  2378 | D:2      | Killed Robin
  2380 | D:2      | Reached skill level 6 in Conjurations
  2488 | D:2      | Found a runed translucent door.
  2489 | D:2      | Noticed Crazy Yiuf
  2737 | D:4      | Noticed Ijyb
  2747 | D:4      | Paralysed by Ijyb for 5 turns
  2758 | D:4      | Killed Ijyb
  2809 | D:4      | Noticed Edmund
  2835 | D:4      | Noticed Grinder
  2843 | D:4      | Killed Edmund
  2844 | D:4      | Your scales start taking on a fiery red colour.
  2844 | D:4      | Reached XP level 7. HP: 28/56 MP: 11/11
  2844 | D:4      | Gained mutation: Your flesh is heat resistant. (rF+) [Red
                  | Draconian growth]
  2856 | D:4      | Paralysed by Grinder for 5 turns
  2865 | D:4      | Paralysed by Grinder for 3 turns
  2907 | D:4      | Killed Grinder
  2908 | D:4      | Reached skill level 1 in Long Blades
  2908 | D:4      | Reached skill level 1 in Hexes
  2978 | D:4      | Found a glowing drain.
  2985 | Sewer    | Entered a sewer
  3309 | Sewer    | Learned a level 4 spell: Fulminant Prism
  3407 | D:4      | Noticed a two-headed ogre
  3500 | D:4      | Reached XP level 8. HP: 24/63 MP: 5/13
  3511 | D:5      | Entered Level 5 of the Dungeon
  3872 | D:5      | Reached skill level 7 in Conjurations
  3903 | D:5      | HP: 3/66 [orc priest/+0 hand axe (7)]
  4361 | D:5      | Slain by an ogre

Illustrated notes

Levels and vault maps discovered:
D:1:      dpeg_arrival_boxorama, layout_basic
D:2:      layout_rooms, minmay_between, uniq_crazy_yiuf_cottage, uniq_robin
D:3:      layout_basic, uniq_sigmund, uniq_terence
D:4:      layout_basic, lightli_sewer_entry_pipes, dreamdust_mushroom_princess,
          hex_tiny, uniq_natasha, uniq_edmund, uniq_grinder, uniq_ijyb
D:5:      layout_loops_ring, chequers_serial_rivers_micro_a

Skill      XL: |  1  2  3  4  5  6  7  8 |
---------------+-------------------------+-----
Fighting       | 1 2 3 4 |  4.5
Dodging        | 2 3 4 |  4.0
Spellcasting   | 3 4 |  4.0
Conjurations   | 5 6 7 |  7.2
Long Blades    | 2 3 |  3.0
Hexes          | 2 3 |  3.4
Stealth        | |  1.7

Action                     |  1- 3 |  4- 6 |  7- 9 || total
---------------------------+-------+-------+-------++-------
  Melee: Dagger            |    98 |    54 |       ||   152
         Unarmed           |     5 |       |       ||     5
         Tailslap          |    12 |    10 |    20 ||    42
         Punch             |     2 |       |     2 ||     4
         Long sword        |       |    57 |   113 ||   170
   Cast: Magic Dart        |    12 |       |     1 ||    13
         Searing Ray       |     3 |    17 |    14 ||    34
         Dazzling Flash    |       |     2 |     1 ||     3
         Fulminant Prism   |       |       |     3 ||     3
Ability: Breathe Fire      |       |       |     6 ||     6
    Use: Scroll            |     3 |     7 |     1 ||    11
         Potion            |       |     5 |     3 ||     8
   Stab: Sleeping          |       |     4 |       ||     4
         Distracted        |       |     1 |     1 ||     2
         Invisible         |       |       |     1 ||     1
 Armour: Skin              |    27 |    79 |    50 ||   156
  Dodge: Dodged            |    71 |   116 |   117 ||   304
